 Dungeon Crawl Stone Soup version 0.31-a0-1549-g5ff9445e89 (webtiles) character file.

Game seed: 1396931172725414795

983 lunkers the Cruncher (level 8, -6/74 HPs)
             Began as an Oni Gladiator on Jan 2, 2024.
             Shot with an arrow by a centaur (8 damage)
             ... on level 6 of the Dungeon.
             The game lasted 00:04:18 (3662 turns).

lunkers the Cruncher (Oni Gladiator)                Turns: 3662, Time: 00:04:18

Health: -6/74      AC:  7    Str: 21    XL:     8   Next: 17%
Magic:  8/8        EV: 10    Int:  9    God:
Gold:   328        SH:  0    Dex: 10    Spells: 7/7 levels left

rFire   . . .        a - +0 quarterstaff
rCold   . . .        (shield currently unavailable)
rNeg    . . .        b - +0 robe
rPois   .            c - +0 hat
rElec   .            (no cloak)
rCorr   .            (gloves unavailable)
SInv    .            (boots unavailable)
Will    .....        (no amulet)
Stlth   +            h - +4 ring of protection
HPRegen 0.32/turn    (no ring)
MPRegen 0.11/turn

%: no passive effects
@: no status effects
A: large, unfitting armour, horns 1, tough skin 1, double potion healing,
drunken brawling
a: no special abilities


You were on level 6 of the Dungeon.
You visited 1 branch of the dungeon, and saw 6 of its levels.

You collected 328 gold pieces.

Inventory:

Hand Weapons
 a - a +0 quarterstaff (weapon)
Missiles
 d - 3 throwing nets
 e - a large rock
Armour
 b - a +0 robe (worn)
 c - a +0 hat (worn)
 f - a +1 chain mail of cold resistance
Jewellery
 h - a +4 ring of protection (left hand)
Wands
 q - a wand of flame (14)
 u - a wand of light (14)
Scrolls
 g - 5 scrolls of identify {unknown}
 i - 2 scrolls of revelation {unknown}
 o - 4 scrolls of blinking {unknown}
 p - a scroll of fog {unknown}
Potions
 j - 2 potions of brilliance {unknown}
 k - 2 potions of degeneration {unknown}
 l - 2 potions of lignification {unknown}
 m - 3 potions of curing {unknown}
 n - 2 potions of attraction {unknown}
 r - a potion of might {unknown}
 s - a potion of magic {unknown}
 t - 2 potions of heal wounds {unknown}


   Skills:
 - Level 2.6 Fighting
 * Level 9.7 Staves
 - Level 2.0 Throwing
 - Level 2.6 Dodging


You had 7 spell levels left.
You didn't know any spells.
Your spell library contained the following spells:

 Spells                   Type           Power      Damage    Failure   Level
 Kiss of Death            Conj/Necr      0%         2d5       38%         1
 Lesser Beckoning         Tloc           0%         N/A       52%         2
 Confusing Touch          Hex            0%         N/A       77%         3
 Gell's Gravitas          Tloc           0%         N/A       77%         3
 Teleport Other           Tloc           0%         N/A       77%         3
 Dispel Undead            Necr           0%         3d6       99%         4


Dungeon Overview and Level Annotations

Branches:
Dungeon (6/15)
 Temple: D:4-7

Altars:

Shops:
D:3 *:


Innate Abilities, Weirdness & Mutations

You are too large for most types of armour.
You have a pair of small horns on your head.
You have tough skin. (AC +1)
You gain doubled healing and magic from potions.
Whenever you drink a healing potion, you attack all around you.


Message History

The bush is lightly damaged.
The centaur shoots an arrow.
The arrow hits you!
* * * LOW HITPOINT WARNING * * *
You hit the bush.
The bush is lightly damaged.
You hit the bush.
The bush is lightly damaged.
The centaur unwields a +0 orcbow.
The centaur hits the bush.
The centaur kicks the bush but does no damage.
Unknown command.
You hit the bush but do no damage.
You headbutt the bush, but do no damage.
The bush is lightly damaged.
The centaur wields a +0 orcbow.
The centaur shoots an arrow.
The arrow hits you!
* * * LOW HITPOINT WARNING * * *
You hit the bush but do no damage.
You headbutt the bush, but do no damage.
The bush is lightly damaged.
The centaur shoots an arrow.
The arrow hits you!
* * * LOW HITPOINT WARNING * * *
You hit the bush but do no damage.
You headbutt the bush, but do no damage.
The bush is lightly damaged.
The centaur shoots an arrow.
The arrow completely misses you.
The centaur shoots an arrow.
The arrow barely misses you.
Unknown command.
You thump the bush! You headbutt the bush.
The bush is moderately damaged.
The centaur shoots an arrow.
The arrow hits you!
* * * LOW HITPOINT WARNING * * *
You sock the bush!
The bush is moderately damaged.
The centaur shoots an arrow.
The arrow barely misses you.
Unknown command.
You hit the bush.
You headbutt the bush, but do no damage.
The bush is moderately damaged.
The centaur shoots an arrow.
The arrow hits you!
You die...

#
##...#)...........
#
##.....#.......).
##
###..##...≈≈≈...
.# #..##...≈.≈...
.## ##.###..#.#..#
..# #.######[####
..# #....## c# .##
####..##P## ##
##.#@..# # #.#...#
# #.#...# #
#....## # ###### #


You could see a centaur.

Vanquished Creatures
  Eustachio (D:5)
  A water moccasin (D:6)
  An ogre (D:6)
  A phantom (D:6)
  A kobold brigand (D:4)
  Blork the orc (D:5)
  A bullfrog (D:6)
  A scorpion (D:4)
  2 bombardier beetles
  A jelly (D:4)
  2 hounds
  3 iguanas
  A gnoll (D:1)
  2 adders (D:2)
  A shadow imp (D:3)
  3 ribbon worms
  2 dart slugs
  2 orcs
  3 endoplasms
  3 giant cockroaches
  4 goblins (D:1)
  5 hobgoblins
  3 kobolds
  2 quokkas
  5 ball pythons
  7 bats
  4 frilled lizards
  4 rats (D:2)
67 creatures vanquished.

Notes
Turn   | Place    | Note
-------+----------+-------------------------------------------
     0 | D:1      | lunkers the Oni Gladiator began the quest for the Orb.
     0 | D:1      | Reached XP level 1. HP: 22/22 MP: 1/1
   108 | D:1      | Reached XP level 2. HP: 27/29 MP: 2/2
   305 | D:1      | Reached skill level 4 in Staves
   305 | D:1      | Reached XP level 3. HP: 13/36 MP: 3/3
  1044 | D:2      | Reached XP level 4. HP: 44/44 MP: 4/4
  1085 | D:2      | Found a faded altar of an unknown god.
  1263 | D:3      | Reached skill level 5 in Staves
  1323 | D:3      | Found Joawk's Book Boutique.
  1694 | D:3      | Reached XP level 5. HP: 50/50 MP: 5/5
  1707 | D:3      | Found Yxkotah's Assorted Antiques.
  1780 | D:4      | Noticed a kobold brigand
  1797 | D:4      | Killed a kobold brigand
  1798 | D:4      | Reached skill level 6 in Staves
  1963 | D:4      | Reached XP level 6. HP: 24/59 MP: 6/6
  2488 | D:4      | Reached skill level 7 in Staves
  2496 | D:5      | Entered Level 5 of the Dungeon
  2768 | D:5      | Noticed Eustachio
  2777 | D:5      | Killed Eustachio
  2778 | D:5      | Reached skill level 8 in Staves
  2778 | D:5      | Reached XP level 7. HP: 56/66 MP: 7/7
  2852 | D:5      | Noticed Blork the orc
  2859 | D:5      | Killed Blork the orc
  3260 | D:6      | Reached skill level 9 in Staves
  3315 | D:6      | Reached XP level 8. HP: 40/74 MP: 8/8
  3660 | D:6      | HP: 2/74 [centaur/arrow (10)]
  3662 | D:6      | Shot with an arrow by a centaur

Illustrated notes

Levels and vault maps discovered:
D:1:      dpeg_arrival_round_c, layout_loops_ring
D:2:      layout_basic, basic_ecumenical_altar
D:3:      cheibrodos_old_hovel, layout_basic, ebering_ghost_rock_garden,
          serial_shops, nicolae_shop_overgrown_old_shop,
          nicolae_shop_back_alley_shop, shop
D:4:      layout_basic
D:5:      layout_basic, uniq_eustachio, uniq_blork_the_orc, uniq_sigmund
D:6:      layout_cave_pools, jmf_multi_god_temple2, minmay_temple_entry_glass,
          kb_lookout_dungeons_type, serial_park_tiny_1,
          nicolae_shop_firing_range

Skill      XL: |  1  2  3  4  5  6  7 |
---------------+----------------------+-----
Staves         | 4 5 6 8 9 |  9.7
Fighting       | |  2.6
Throwing       | |  2.0
Dodging        | |  2.6

Action                     |  1- 3 |  4- 6 |  7- 9 || total
---------------------------+-------+-------+-------++-------
  Melee: Quarterstaff      |    70 |   110 |    74 ||   254
         Headbutt          |     2 |    25 |    12 ||    39
 Armour: Robe              |    43 |    58 |    54 ||   155
  Dodge: Dodged            |    38 |    43 |    33 ||   114

Table legend: (Time is in decaauts)
 A = Elapsed time spent in this place.
 B = Non-inter-level travel time spent in this place.
 C = Inter-level travel time spent in this place.
 D = Time resting spent in this place.
 E = Time spent auto-exploring this place.
 F = Levels seen in this place.
 G = Mean time per level.
                   A        B        C        D        E       F      G
               +--------+--------+--------+--------+--------+-----+--------+
         Total |   3657 |   3578 |     79 |      0 |   2969 |   6 |  609.5 |
       Dungeon |   3657 |   3578 |     79 |      0 |   2969 |   6 |  609.5 |
               +--------+--------+--------+--------+--------+-----+--------+

Top non-repeatable levels by time:
     D:1: 776 daAuts
     D:4: 765 daAuts
     D:5: 718 daAuts
     D:2: 488 daAuts
     D:3: 473 daAuts
     D:6: 436 daAuts
